 Dungeon Crawl Stone Soup version 0.27-a0-836-gfc908b8576 (webtiles) character file.

Game seed: 5176461591165205286

37 funkygono the Magician (level 3, -2/25 HPs)
             Began as a Djinni Fire Elementalist on Apr 1, 2021.
             Killed by Freeze
             ... generated by an endoplasm
              (7 damage)
             ... on level 1 of the Dungeon.
             The game lasted 00:02:07 (1294 turns).

funkygono the Magician (Djinni Fire Elementalist)   Turns: 1294, Time: 00:02:08

Health: -2/25      AC:  6    Str:  7    XL:     3   Next: 39%
Gold:   34         EV: 12    Int: 17    God:
                   SH:  0    Dex: 13

rFire    + + .     SeeInvis .   c - +0 short sword
rCold    x . .     Faith    .   (no shield)
rNeg     . . .     Spirit   .   a - +0 robe
rPois    ∞         Reflect  .   e - +0 helmet
rElec    .         Harm     .   b - +2 cloak {rPois}
rCorr    .         Rampage  .   (no gloves)
Will     .....                  (boots unavailable)
Stlth    ++........             (no amulet)
HPRegen  0.08/turn              (no ring)
MPRegen  0.00/turn              (no ring)

@: flying
A: fire resistance 2, cold vulnerability 1, float, innate caster, hp casting,
extra vitality 1
a: no special abilities


You were on level 1 of the Dungeon.
You visited 1 branch of the dungeon, and saw 2 of its levels.

You collected 34 gold pieces.

Inventory:

Hand Weapons
 c - a +0 short sword (weapon)
Armour
 a - a +0 robe (worn)
 b - a +2 cloak of poison resistance (worn)
 e - a +0 helmet (worn)


   Skills:
 * Level 2.4 Dodging
 - Level 1.5 Stealth
 * Level 3.7 Spellcasting


You couldn't memorise any spells.
You knew the following spells:

 Your Spells              Type           Power      Damage    Failure   Level
a - Foxfire               Conj/Fire      60%        2x1d7     3%          1
b - Conjure Flame         Conj/Fire      15%        6-21      11%         3
c - Inner Flame           Hex/Fire       15%        N/A       11%         3
d - Sticky Flame          Conj/Fire      15%        2d4       34%         4
e - Fireball              Conj/Fire      7%         3d5       69%         5
f - Sting                 Tmut/Pois      60%        1d6       3%          1
Your spell library was empty.

Dungeon Overview and Level Annotations

Branches:
Dungeon (2/15)

Altars:


Innate Abilities, Weirdness & Mutations

You are immune to poison.
Your flesh is very heat resistant. (rF++)
You are vulnerable to cold. (rC-)
You float through the air rather than walking.
You learn spells naturally, not from books.
Your magical power is your life essence.
You have superior vitality. (+4 HP)


Message History

A quokka and an endoplasm come into view.
Found 18 gold pieces.
There is a stone staircase leading up here.
You closely miss the quokka. The quokka bites you.
Casting: Sting (safe; 3% risk of failure)
Confirm with . or Enter, or press ? or * to list all spells.
Aiming: Sting (safe; 3% risk of failure)
Press: ? - help, Shift-Dir - straight line, f - quokka
Aim: a quokka (36% to evade)
The sting hits the quokka.
The quokka is poisoned.
The quokka is lightly wounded.
The quokka misses you.
You hit the quokka.
The quokka is moderately wounded.
The quokka barely misses you.
You barely miss the quokka.
The quokka is heavily wounded.
The quokka bites you. The quokka barely misses you.
You barely miss the quokka.
The quokka is severely wounded.
The quokka barely misses you.
You completely miss the quokka.
The quokka is severely wounded.
The quokka barely misses you.
You barely miss the quokka.
The quokka is severely wounded.
The quokka barely misses you. The endoplasm freezes you.
You are frozen.
You feel a terrible chill!
The quokka bites you but does no damage.
The endoplasm freezes you.
You are frozen.
You feel a terrible chill!
* * * LOW HITPOINT WARNING * * *
The quokka misses you.
You fly upwards.
There is a stone staircase leading down here.
The quokka looks more healthy.
The endoplasm freezes you.
You are frozen!
You feel a terrible chill!
You die...

#.##...............###
#.##.#+#............##
#####.##.#.#..(.....#.#...
#........#.#.###+#..#....#
#.###.#....#.....##.....##
#.......(#..##...#...##.#
######...#.....#........##
###.>J.................
#....r@.##.##....######
#.##.##.###############
#....##.#.............)
#######.#.########.....
####.#..#....##.....
#....#..#.##.##.....
####...###.#.##.##...##
#...##.....#.##.##...##
#.#....#####.##.##...#.


You could see an endoplasm and a quokka.

Vanquished Creatures
  2 dart slugs (D:1)
  2 bats (D:1)
  4 endoplasms (D:1)
  A giant cockroach (D:1)
  2 goblins (D:1)
  5 hobgoblins (D:1)
  2 jackals (D:1)
  3 kobolds (D:1)
  A quokka (D:1)
  3 ball pythons (D:1)
  3 frilled lizards (D:1)
28 creatures vanquished.

Vanquished Creatures (others)
  62 foxfires (D:1)
62 creatures vanquished.

Grand Total: 90 creatures vanquished

Notes
Turn   | Place    | Note
-------+----------+-------------------------------------------
     0 | D:1      | funkygono the Djinni Fire Elementalist began the quest for
                  | the Orb.
     0 | D:1      | Reached XP level 1. HP: 15/15 MP: 0/0
   248 | D:1      | Reached skill level 3 in Spellcasting
   288 | D:1      | Reached XP level 2. HP: 17/21 MP: 0/0
   812 | D:1      | Reached XP level 3. HP: 23/25 MP: 0/0
   812 | D:1      | Learned a level 1 spell: Sting
  1245 | D:1      | Identified a scroll of acquirement
  1245 | D:1      | Acquired a +2 cloak of poison resistance
  1294 | D:1      | Killed from afar by an endoplasm

Illustrated notes

Levels and vault maps discovered:
D:1:      moated_graveyard_arrival, layout_basic, dk_noncrumbling_2,
          minmay_ruptured
D:2:      layout_loops_cross

Skill      XL: |  1 |
---------------+----+-----
Spellcasting   | 3 |  3.7
Dodging        | |  2.4
Stealth        | |  1.5

Action                   || total
-------------------------++-------
Melee: Short sword       ||    16
 Cast: Foxfire           ||    39
       Sting             ||     6
  Use: Scroll            ||     2
Armor: Robe              ||     4
Dodge: Dodged            ||    16

Table legend: (Time is in decaauts)
 A = Elapsed time spent in this place.
 B = Non-inter-level travel time spent in this place.
 C = Inter-level travel time spent in this place.
 D = Time resting spent in this place.
 E = Time spent auto-exploring this place.
 F = Levels seen in this place.
 G = Mean time per level.
                   A        B        C        D        E       F      G
               +--------+--------+--------+--------+--------+-----+--------+
         Total |   1295 |   1264 |     31 |      0 |   1086 |   2 |  647.5 |
       Dungeon |   1295 |   1264 |     31 |      0 |   1086 |   2 |  647.5 |
               +--------+--------+--------+--------+--------+-----+--------+

Top non-repeatable levels by time:
     D:1: 1286 daAuts
     D:2: 9 daAuts
